 Dungeon Crawl Stone Soup version 0.28-a0-793-g31680bbd8b (webtiles) character file.

Game seed: 18325177553205554306

217 demibob the Ruffian (level 5, 0/45 HPs)
             Began as a Ghoul Monk on Nov 3, 2021.
             Slain by Robin (8 damage)
             ... on level 3 of the Dungeon.
             The game lasted 00:04:34 (2266 turns).

demibob the Ruffian (Ghoul Monk)                    Turns: 2266, Time: 00:04:34

Health: 0/45       AC:  2    Str: 13 (15) XL:     5   Next: 94%
Magic:  4/4        EV: 12    Int:  3 (5)  God:
Gold:   141        SH:  0    Dex: 11 (12) Spells: 4/4 levels left

rFire   + . .      SeeInvis .     - Unarmed
rCold   + . .      Faith    .   (no shield)
rNeg    + + +      Spirit   .   a - +0 robe
rPois   ∞          Reflect  .   (no helmet)
rElec   .          Harm     .   (no cloak)
rCorr   .          Rampage  .   (no gloves)
Will    .....                   (no boots)
Stlth   ++........              b - amulet of the acrobat
HPRegen 0.00/turn               F - ring of protection from fire
MPRegen 0.09/turn               (no ring)

@: attractive, inhibited regen
A: claws 1, cold resistance 1, negative energy resistance 3, inhibited
regeneration, torment resistance 2
a: no special abilities


You were on level 3 of the Dungeon.
You visited 1 branch of the dungeon, and saw 3 of its levels.

You collected 141 gold pieces.


Innate Abilities, Weirdness & Mutations

You thrive by killing the living.
You are immune to poison.
You have sharp fingernails.
Your flesh is cold resistant. (rC+)
You are immune to negative energy. (rN+++)
You do not regenerate when monsters are visible.
You are immune to unholy pain and torment.


   Skills:
 - Level 3.2 Fighting
 - Level 2.6 Dodging
 - Level 2.1 Stealth
 + Level 7.0 Unarmed Combat


You had 4 spell levels left.
You didn't know any spells.
Your spell library contained the following spells:

 Spells                   Type           Power      Damage    Failure   Level
 Tukima's Dance           Hex            0%         N/A       88%         3
 Animate Dead             Necr           0%         N/A       99%         4
 Fulminant Prism          Conj/Hex       0%         3d6       99%         4
 Death Channel            Necr           0%         N/A       100%        6

Inventory:

Missiles
 e - 12 poisoned darts (quivered)
Armour
 a - a +0 robe (worn)
Magical Staves
 d - a staff of death {!a}
Jewellery
 b - an amulet of the acrobat (around neck)
 h - an amulet of regeneration
 F - a ring of protection from fire (left claw)
Scrolls
 f - a scroll of blinking

Dungeon Overview and Level Annotations

Branches:
Dungeon (3/15)

Altars:

Annotations:
D:3 Robin

.........# ###<)....#.....[..
.........+....................
.........#.....##.............
.........###.#. #.###÷........
####.....# #.#................
#.....###.#####)##.#.......
#............))....#.......
####..........g#.#.....#+###
#.............@#.....#.# #
#..............##g...#.#.##
#....[.........##....#.....
#..............###..........
#....#####.....##....##.....
#....# ########...###..g..
###### #..gg...gg..
#....g.$.... #..@.....g..


You could see Robin.


Message History

Natasha mumbles some strange words.
You scratch Natasha but do no damage.
Natasha is heavily wounded.
Natasha barely misses you.
Robin shouts!
You claw Natasha!
Natasha is almost dead.
Natasha claws you.
* * * LOW HITPOINT WARNING * * *
Robin roars a battlecry!
You scratch Natasha but do no damage.
Natasha is almost dead.
Natasha claws you!
* * * LOW HITPOINT WARNING * * *
You scratch Natasha.
You kill Natasha!
You feel better.
Natasha screams in pain as she dies!
The crimson imp disappears in a puff of smoke!
Your Unarmed Combat skill increases to level 7!
It was a potion of attraction.
You feel attractive to monsters.
You aren't carrying any potions.
Unknown command.
You scratch Robin.
Robin is heavily wounded.
You barely miss Robin.
Robin is heavily wounded.
Robin hits you with a +0 falchion!
You die...

Skill      XL: |  1  2  3  4  5 |
---------------+----------------+-----
Unarmed Combat | 4 5 6 7 |  7.0
Fighting       | |  3.2
Dodging        | |  2.6
Stealth        | |  2.1

Action                   |  1- 3 |  4- 6 || total
-------------------------+-------+-------++-------
Melee: Unarmed           |    83 |   102 ||   185
       Punch             |       |     2 ||     2
  Use: Scroll            |     4 |     1 ||     5
       Potion            |       |     4 ||     4
 Stab: Sleeping          |     4 |       ||     4
Armor: Robe              |    11 |     7 ||    18
Dodge: Dodged            |    51 |    48 ||    99

Levels and vault maps discovered:
D:1:      roderic_chinese_lattice_arrival, layout_basic, minivault_4,
          kennysheep_minor_cross
D:2:      layout_loops_corners, hellmonk_ecumenical_altar_arch_garden
D:3:      layout_basic, serial_bayou_lake_a, uniq_robin, uniq_terence,
          uniq_natasha

Notes
Turn   | Place    | Note
-------+----------+-------------------------------------------
     0 | D:1      | demibob the Ghoul Monk began the quest for the Orb.
     0 | D:1      | Reached XP level 1. HP: 19/19 MP: 0/0
   140 | D:1      | Reached XP level 2. HP: 23/26 MP: 1/1
   263 | D:1      | Reached skill level 4 in Unarmed Combat
   743 | D:2      | Reached XP level 3. HP: 19/31 MP: 2/2
   927 | D:2      | Found a faded altar of an unknown god.
  1039 | D:2      | Reached skill level 5 in Unarmed Combat
  1232 | D:2      | Reached XP level 4. HP: 36/38 MP: 3/3
  1821 | D:3      | Reached skill level 6 in Unarmed Combat
  1833 | D:3      | Reached XP level 5. HP: 45/45 MP: 4/4
  1846 | D:3      | Got the Disquisition on Dark Hexes
  2173 | D:3      | Noticed Robin
  2173 | D:3      | Noticed Terence
  2184 | D:3      | Identified a potion of resistance
  2212 | D:3      | Killed Terence
  2251 | D:3      | Noticed Natasha
  2260 | D:3      | Killed Natasha
  2261 | D:3      | Reached skill level 7 in Unarmed Combat
  2266 | D:3      | Slain by Robin

Vanquished Creatures
  Natasha (D:3)
  Terence (D:3)
  4 gnolls
  6 adders
  3 worms
  A dart slug (D:1)
  An orc (D:3)
  9 ball pythons
  3 bats
  6 endoplasms
  A giant cockroach (D:1)
  9 goblins
  10 hobgoblins
  4 kobolds
  A quokka (D:3)
  3 frilled lizards
  2 rats
65 creatures vanquished.

Table legend: (Time is in decaauts)
 A = Elapsed time spent in this place.
 B = Non-inter-level travel time spent in this place.
 C = Inter-level travel time spent in this place.
 D = Time resting spent in this place.
 E = Time spent auto-exploring this place.
 F = Levels seen in this place.
 G = Mean time per level.
                   A        B        C        D        E       F      G
               +--------+--------+--------+--------+--------+-----+--------+
         Total |   2247 |   2160 |     87 |    139 |   1566 |   3 |  749.0 |
       Dungeon |   2247 |   2160 |     87 |    139 |   1566 |   3 |  749.0 |
               +--------+--------+--------+--------+--------+-----+--------+

Top non-repeatable levels by time:
     D:2: 1105 daAuts
     D:1: 690 daAuts
     D:3: 451 daAuts

Table legend:
 A = Non-vault XP
 B = Vault XP
 C = Vault XP percentage of total XP
 D = Non-vault monster count
 E = Vault monster count
 F = Vault count percentage of total count
                 A         B        C        D         E       F
            +---------+---------+-------+---------+---------+-------
      Total |     216 |      94 |  30.3 |      52 |      13 |  20.0
            +---------+---------+-------+---------+---------+-------
        D:1 |      26 |       0 |   0.0 |      13 |       0 |   0.0
        D:2 |     124 |       0 |   0.0 |      26 |       0 |   0.0
        D:3 |      66 |      94 |  58.8 |      13 |      13 |  50.0
            +---------+---------+-------+---------+---------+-------
